 Dungeon Crawl Stone Soup version 0.30.0-15-g856e2d3f33 (webtiles) character file.

Game seed: 266710135376607070

5980 Pimp the Fighter (level 10, 0/82 HPs)
             Began as a Demonspawn Fighter on May 18, 2023.
             Was an Initiate of Gozag.
             Succumbed to Amaemon's poison
             ... on level 8 of the Dungeon.
             The game lasted 00:16:52 (7707 turns).

Pimp the Fighter (Demonspawn Fighter)               Turns: 7707, Time: 00:16:53

Health: 0/82       AC: 12    Str: 19    XL:     10   Next: 55%
Magic:  10/10      EV: 11    Int: 13    God:    Gozag
Gold:   551        SH:  6    Dex: 15    Spells: 9/9 levels left

rFire   . . .        a - +1 war axe
rCold   . . .        c - +0 buckler
rNeg    . . .        b - +1 scale mail
rPois   .            (helmet restricted)
rElec   .            k - scarf {repulsion}
rCorr   .            (no gloves)
SInv    .            h - +2 pair of boots {Fly}
Will    .....        s - amulet of the Invisible Hand {Faith Int+4} Stlth
                     (no ring)
HPRegen 0.33/turn    (no ring)
MPRegen 0.12/turn

%: repel missiles, clarity, faith
@: lethally poisoned (0 -> -37), flying
A: antennae 1, repulsion field 1, demonic guardian 2, spiny 2, clarity, wild
magic 1
a: Renounce Religion, Potion Petition, Call Merchant, Bribe Branch


You were on level 8 of the Dungeon.
You worshipped Gozag.
Gozag was pleased with you.
You visited 2 branches of the dungeon, and saw 9 of its levels.

You collected 663 gold pieces.
You paid 112 gold pieces to Gozag.

Inventory:

Hand Weapons
 a - a +1 war axe (weapon)
Missiles
 q - a throwing net (quivered)
Armour
 b - a +1 scale mail (worn)
 c - a +0 buckler (worn)
 h - a +2 pair of boots of flying (worn)
 k - a scarf of repulsion (worn)
Jewellery
 e - a ring of fire
 j - a ring of fire
 o - a ring of ice
 s - the amulet of the Invisible Hand (around neck) {Faith Int+4}
   (You found it on level 4 of the Dungeon)

   [amulet of faith]

   It allows you to gain divine favour quickly.
   Int:       It affects your intelligence (+4).
 v - a ring of protection from fire
 B - a ring of poison resistance
Wands
 x - a wand of paralysis (10)
Scrolls
 i - 4 scrolls of identify
 m - 3 scrolls of blinking
 r - 2 scrolls of teleportation
 w - a scroll of fear
 y - a scroll of magic mapping
Potions
 d - a potion of cancellation {unknown}
 f - a potion of brilliance
 g - 2 potions of degeneration
 l - a potion of haste {unknown}
 n - 3 potions of mutation
 p - 4 potions of attraction
 u - 2 potions of magic


   Skills:
 + Level 8.6 Fighting
 + Level 7.5 Axes
 + Level 7.9 Armour
 + Level 7.9 Shields


You had 9 spell levels left.
You didn't know any spells.
Your spell library contained the following spells:

 Spells                   Type           Power      Damage    Failure   Level
 Apportation              Tloc           0%         N/A       75%         1
 Necrotise                Necr           0%         1d4       75%         1
 Summon Small Mammal      Summ           0%         N/A       75%         1
 Sublimation of Blood     Necr           0%         N/A       87%         2
 Wereblood                Tmut           0%         N/A       87%         2
 Portal Projectile        Hex/Tloc       0%         N/A       98%         3
 Tukima's Dance           Hex            0%         N/A       98%         3
 Anguish                  Hex/Necr       0%         N/A       100%        4
 Cause Fear               Hex            0%         N/A       100%        4
 Blade Hands              Tmut           0%         N/A       100%        5
 Enfeeble                 Hex            0%         N/A       100%        7
 Summon Hydra             Summ           0%         N/A       100%        7


Dungeon Overview and Level Annotations

Branches:
Dungeon (8/15)             Temple (1/1) D:7            Lair (0/5) D:8

Altars:
Cheibriados
Dithmenos
Gozag
Hepliaklqana
Kikubaaqudgha
Makhleb
Okawaru
Qazlal
Ru
Trog
Uskayaw
Vehumet
Wu Jian
Xom

Shops:
D:3 [

Annotations:
D:8 3 runed translucent doors, Amaemon; Darkkill's ghost, novice MiHu


Innate Abilities, Weirdness & Mutations

You have a pair of small antennae on your head.
You are surrounded by a mild repulsion field. (EV +2)
A demonic guardian rushes to your aid.
You are mostly covered in sharp spines.
You possess an exceptional clarity of mind.
Your spells are a little harder to cast, but a little more powerful.


Message History

Amaemon is lightly wounded.
You feel extremely sick.
Amaemon hisses.
You block Amaemon's attack. Amaemon claws you but does no damage.
Amaemon misses you.
You closely miss Amaemon.
Amaemon is lightly wounded.
You feel very sick. Amaemon is struck by your spines.
Amaemon hits you with a +1 demon whip of venom!
You are more poisoned.
You block Amaemon's attack.
Amaemon tail-slaps you but does no damage.
Amaemon mumbles some strange words.
You barely miss Amaemon.
Amaemon is lightly wounded.
You feel very sick. You block Amaemon's attack.
Amaemon claws you but does no damage.
Amaemon tail-slaps you but does no damage.
You slash Amaemon!
Amaemon is lightly wounded.
You feel very sick. Amaemon is struck by your spines.
Amaemon hits you with a +1 demon whip of venom!
* * * LOW HITPOINT WARNING * * *
A demonic guardian appears!
You are lethally poisoned!
Amaemon barely misses you. x2
You hit Amaemon.
Amaemon is moderately wounded.
* * * LOW HITPOINT WARNING * * *
You feel extremely sick.
Amaemon hits you with a +1 demon whip of venom.
* * * LOW HITPOINT WARNING * * *
You are more poisoned.
Amaemon closely misses you.
Amaemon tail-slaps you but does no damage.
You swap places.
You die...
Your body crumbles into a pile of gold.

#####.##############.#####.##
# ......# ###..........# #
####### #....§≈§§≈≈≈.# #
#.#.≈≈≈§≈≈...#####
#...≈≈_§§..8...... # #.....#
#.#.≈≈≈≈§≈..§#####
#######.....# #....≈≈≈≈≈≈≈.#
.....##....)# #............#
####.##.....# #@###.#.###.##
####.##.....# #4# #.#.###.#
...#.##.....####6# ###.....#
...#.##.....##.s##{8.###.###
##.#.##.....##..#co...##.#
##.#.#......+...+K$..8##.#
.#.#.#......#...+._8$∩##.#
.#.....###......+..$.8##'####
.#.#.#####.###..#$$$..#.....#


You could see Amaemon (ally target), a yaktaur, a kobold brigand, a scorpion
(summoned) and a friendly orange demon (summoned).

Vanquished Creatures
  Prince Ribbit (D:7)
  Sigmund (D:4)
  A yak (D:8)
  A wyvern (D:8)
  Eustachio (D:5)
  Menkaure (D:6)
  2 water moccasins
  3 sky beasts
  2 ice beasts (D:7)
  3 black bears (D:8)
  2 centaurs
  A phantom (D:4)
  A kobold brigand (D:8)
  5 bullfrogs
  3 scorpions
  5 killer bees (D:7)
  3 hounds
  4 orc priests
  A sleepcap (D:6)
  3 iguanas
  5 orc wizards
  7 adders
  7 gnolls
  A shadow imp (D:6)
  2 white imps (D:7)
  2 ufetubi
  2 worms (D:2)
  4 dart slugs
  11 orcs
  9 endoplasms
  A giant cockroach (D:2)
  4 goblins
  10 hobgoblins
  4 quokkas
  6 ball pythons
  3 bats
  7 kobolds
  10 rats
139 creatures vanquished.

Vanquished Creatures (collateral kills)
  Gastronok (D:8)
  A two-headed ogre (D:8)
  An orange demon (D:8)
  An orc warrior (D:7)
  An ice beast (D:6)
  A black bear (D:8)
  A phantom (D:5)
  A kobold brigand (D:7)
  A killer bee (D:7)
  An iguana (D:6)
  A mummy (D:4)
  4 orcs
15 creatures vanquished.

Grand Total: 154 creatures vanquished

Notes
Turn   | Place    | Note
-------+----------+-------------------------------------------
     0 | D:1      | Pimp the Demonspawn Fighter began the quest for the Orb.
     0 | D:1      | Reached XP level 1. HP: 18/18 MP: 1/1
   173 | D:1      | Gained mutation: You have a pair of small antennae on your
                  | head. [demonic ancestry]
   173 | D:1      | Reached XP level 2. HP: 24/24 MP: 2/2
   725 | D:2      | Reached XP level 3. HP: 29/29 MP: 3/3
  1316 | D:2      | Gained mutation: You possess an exceptional clarity of
                  | mind. [potion of mutation]
  1316 | D:2      | Gained mutation: Your spells are a little harder to cast,
                  | but a little more powerful. [potion of mutation]
  1317 | D:2      | Identified a scroll of acquirement
  1317 | D:2      | Acquired a +2 pair of boots of flying
  1404 | D:3      | Reached XP level 4. HP: 33/35 MP: 4/4
  1480 | D:3      | Found Guyxotun's Armour Emporium.
  1971 | D:4      | Reached XP level 5. HP: 42/42 MP: 5/5
  1973 | D:4      | Noticed Sigmund
  2023 | D:4      | Killed Sigmund
  2024 | D:4      | Reached skill level 4 in Fighting
  2024 | D:4      | Gained mutation: You are surrounded by a mild repulsion
                  | field. (EV +2) [demonic ancestry]
  2024 | D:4      | Reached XP level 6. HP: 29/48 MP: 6/6
  2118 | D:4      | You are sucked into a shaft and drop 2 floors!
  2143 | D:6      | Noticed a sky beast
  2169 | D:6      | Killed a sky beast
  2271 | D:5      | Entered Level 5 of the Dungeon
  2271 | D:5      | Found an ancient bone altar of Kikubaaqudgha.
  2290 | D:5      | Noticed Eustachio
  2328 | D:4      | Gained mutation: A weak demonic guardian rushes to your
                  | aid. [demonic ancestry]
  2328 | D:4      | Reached XP level 7. HP: 45/55 MP: 7/7
  2428 | D:4      | Identified the amulet of the Invisible Hand {Faith Int+4}
  2437 | D:4      | Noticed a two-headed ogre
  2707 | D:4      | Found a snail-covered altar of Cheibriados.
  2973 | D:4      | Found an ornate altar of the Wu Jian Council.
  3045 | D:5      | Found a hazy altar of Hepliaklqana.
  3346 | D:5      | Killed Eustachio
  3347 | D:5      | Reached skill level 5 in Fighting
  4103 | D:6      | Reached skill level 5 in Armour
  4103 | D:6      | Reached skill level 5 in Shields
  4122 | D:6      | Gained mutation: A demonic guardian rushes to your aid.
                  | [demonic ancestry]
  4122 | D:6      | Reached XP level 8. HP: 32/63 MP: 8/8
  4474 | D:6      | Noticed Menkaure
  4486 | D:6      | Killed Menkaure
  4734 | D:6      | Reached skill level 6 in Fighting
  4734 | D:6      | Reached skill level 5 in Axes
  5149 | D:7      | Gained mutation: You are partially covered in sharp spines.
                  | [demonic ancestry]
  5149 | D:7      | Reached XP level 9. HP: 13/71 MP: 9/9
  5347 | D:7      | Found a staircase to the Ecumenical Temple.
  5354 | Temple   | Entered the Ecumenical Temple
  5386 | Temple   | Became a worshipper of Gozag Ym Sagoz the Greedy
  5568 | D:7      | Noticed Prince Ribbit
  5572 | D:7      | Killed Prince Ribbit
  5609 | D:7      | Reached skill level 7 in Fighting
  6279 | D:8      | Found a runed translucent gate.
  6282 | D:8      | Found a runed translucent gate.
  6282 | D:8      | Found an opulent altar of Gozag.
  6282 | D:8      | Found a runed translucent gate.
  6283 | D:8      | Noticed Darkkill's ghost (novice MiHu)
  6283 | D:8      | Noticed a yaktaur
  6284 | D:8      | Noticed a komodo dragon
  6486 | D:8      | Found a staircase to the Lair.
  6488 | D:8      | Noticed an orange demon
  6520 | D:8      | Killed an orange demon
  6550 | D:8      | Noticed a two-headed ogre
  6727 | D:8      | Noticed Amaemon
  6758 | D:8      | Gained mutation: You are mostly covered in sharp spines.
                  | [demonic ancestry]
  6758 | D:8      | Reached XP level 10. HP: 35/80 MP: 10/10
  7010 | D:8      | Killed a two-headed ogre
  7011 | D:8      | Reached skill level 8 in Fighting
  7036 | D:8      | Noticed Gastronok
  7077 | D:8      | Killed Gastronok
  7707 | D:8      | Succumbed to Amaemon's poison

Illustrated notes

Levels and vault maps discovered:
D:1:      wander_arrival_estate, layout_basic, st_stairs_9,
          minmay_tiny_reverse_x
D:2:      layout_basic
D:3:      layout_rooms, serial_shops, shop, roderic_serpentine_path
D:4:      cheibrodos_quashed, layout_rooms, slow_altar_1, kennysheep_little_box,
          uniq_sigmund
D:5:      layout_loops_ring, overflow_temple_1_default, amcnicky_altar_gilded,
          uniq_eustachio
D:6:      layout_loops_cross, uniq_menkaure
D:7:      layout_loops_ring, minmay_temple_entry_junction, uniq_prince_ribbit1
D:8:      layout_basic, mainiacjoe_overflow_catwalk,
          due_lair_maze_entry_diamond, ebering_ghost_gozag, uniq_amaemon,
          uniq_gastronok
Temple:   nicolae_temple_two_arcs

Skill      XL: |  1  2  3  4  5  6  7  8  9 10 |
---------------+-------------------------------+-----
Axes           | 2 3 4 5 6 7 |  7.5
Shields        | 3 4 5 6 7 |  7.9
Armour         | 3 4 5 6 7 |  7.9
Fighting       | 4 5 6 7 8 |  8.6

Action                     |  1- 3 |  4- 6 |  7- 9 | 10-12 || total
---------------------------+-------+-------+-------+-------++-------
  Melee: War axe           |   123 |   119 |   360 |    48 ||   650
    Use: Scroll            |    11 |       |     7 |     2 ||    20
         Potion            |     1 |     3 |     6 |     3 ||    13
   Stab: Distracted        |       |       |     1 |       ||     1
 Armour: Scale mail        |    69 |    67 |   244 |    24 ||   404
         Skin              |       |    15 |       |       ||    15
  Dodge: Dodged            |    58 |    53 |   280 |    32 ||   423
         Repelled          |       |     5 |     1 |     1 ||     7
  Block: Buckler           |    26 |    30 |   127 |    19 ||   202
